 Dungeon Crawl Stone Soup version 0.29-a0-334-gb41bcbb86e (webtiles) character file.

Game seed: 6634242592148949420

473 ImHallYall the Grave Robber (level 7, -3/49 HPs)
             Began as a Human Necromancer on Apr 12, 2022.
             Was an Initiate of Yredelemnul.
             Slain by a hound (5 damage)
             ... on level 5 of the Dungeon on Apr 13, 2022.
             The game lasted 00:15:40 (5933 turns).

ImHallYall the Grave Robber (Human Necromancer)     Turns: 5933, Time: 00:15:42

Health: -3/49      AC:  3    Str:  9    XL:     7   Next: 32%
Magic:  5/11       EV: 13    Int: 17    God:    Yredelemnul [......]
Gold:   256        SH:  0    Dex: 19    Spells: 8/12 levels left

rFire   . . .      SeeInvis .   w - +0 long sword
rCold   . . .      Faith    .   (no shield)
rNeg    . . .      Spirit   .   a - +0 robe
rPois   .          Reflect  .   q - +0 helmet
rElec   .          Harm     .   (no cloak)
rCorr   .          Rampage  .   (no gloves)
Will    .....                   (no boots)
Stlth   ++........              (no amulet)
HPRegen 0.16/turn               l - +6 ring of dexterity
MPRegen 0.12/turn               (no ring)

@: no status effects
A: no striking features
a: Renounce Religion, Recall Undead Harvest


You were on level 5 of the Dungeon.
You worshipped Yredelemnul.
Yredelemnul was noncommittal.
You visited 2 branches of the dungeon, and saw 6 of its levels.

You collected 256 gold pieces.

Inventory:

Hand Weapons
 f - a +1 hand axe
 w - a +0 long sword (weapon)
Missiles
 b - 3 poisoned darts (quivered)
Armour
 a - a +0 robe (worn)
 e - a +0 ring mail
 n - a +0 plate armour
 o - a +0 robe
 q - a +0 helmet (worn)
Jewellery
 l - a +6 ring of dexterity (left hand)
Scrolls
 c - 2 scrolls of enchant weapon
 d - a scroll of noise
 g - 2 scrolls of brand weapon
 h - a scroll of silence
 p - a scroll of fear {unknown}
 r - a scroll of identify
 t - a scroll of amnesia {unknown}
 v - a scroll of vulnerability {unknown}
 x - a scroll of teleportation {unknown}
 y - 2 scrolls of magic mapping {unknown}
 z - a scroll of fog {unknown}
Potions
 i - 6 potions of curing {unknown}
 j - a potion of magic
 k - 2 potions of brilliance {unknown}
 m - a potion of might {unknown}
 s - a potion of heal wounds {unknown}
 u - a potion of haste {unknown}


   Skills:
 + Level 1.8 Fighting
 + Level 2.1 Long Blades
 + Level 3.0 Axes
 + Level 1.0 Armour
 + Level 3.0 Dodging
 + Level 2.8 Stealth
 + Level 3.2 Spellcasting
 + Level 5.1 Necromancy


You had 8 spell levels left.
You knew the following spells:

 Your Spells              Type           Power      Damage    Failure   Level
a - Pain                  Necr           80%        1d8       1%          1
b - Vampiric Draining     Necr           20%        2d7       6%          3

Your spell library contained the following spells:

 Spells                   Type           Power      Damage    Failure   Level
 Animate Skeleton         Necr           40%        N/A       1%          1
 Animate Dead             Necr           10%        N/A       21%         4
 Agony                    Necr           20%        N/A       50%         5


Dungeon Overview and Level Annotations

Branches:
Dungeon (5/15)             Temple (1/1) D:4

Altars:
Cheibriados
Fedhas
Hepliaklqana
Kikubaaqudgha
Makhleb
Vehumet
Xom
Yredelemnul
Zin
The Shining One
Lugonu

Annotations:
D:5 Edmund


Message History

* * * LOW HITPOINT WARNING * * *
The hound closely misses you.
Edmund hits you with a +2 flail of protection!
* * * LOW HITPOINT WARNING * * *
Casting: Pain (safe; 1% risk of failure)
Confirm with . or Enter, or press ? or * to list all spells.
Aiming: Vampiric Draining (dangerous; 6% risk of failure)
Press: ? - help, Shift-Dir - straight line, f - Edmund
Aim: Edmund, wielding a +2 flail of protection and wearing a +0 scale mail (lightly wounded)
You draw life force from Edmund!
You feel life coursing into your body. The hound barely misses you.
Edmund completely misses you.
Press: ? - help, v - describe, . - travel The floor.
There are monsters nearby!
Press: ? - help, v - describe, . - travel The floor, spattered with blood.
Casting: Vampiric Draining (dangerous; 6% risk of failure)
Confirm with . or Enter, or press ? or * to list all spells.
Aiming: Vampiric Draining (dangerous; 6% risk of failure)
Press: ? - help, Shift-Dir - straight line, f - Edmund
Aim: Edmund, wielding a +2 flail of protection and wearing a +0 scale mail (moderately wounded)
You draw life force from Edmund!
You feel life coursing into your body. The hound bites you.
* * * LOW HITPOINT WARNING * * *
Edmund hits you with a +2 flail of protection.
* * * LOW HITPOINT WARNING * * *
The hound misses you.
You hit Edmund.
Edmund is heavily wounded.
The hound bites you.
* * * LOW HITPOINT WARNING * * *
Edmund hits you but does no damage. The hound closely misses you. x2
You closely miss Edmund.
Edmund is heavily wounded.
The hound completely misses you. The hound bites you but does no damage.
Edmund hits you with a +2 flail of protection.
* * * LOW HITPOINT WARNING * * *
The hound barely misses you. The hound bites you.
You die...
Your body rises from the dead as a mindless zombie.

#.##.# #..#.#
##.#.#
#.#.###########
#.#.##.........
#...##.........
####..##.........
#....>.#..h......
#.......@@h......
#................
#####.#..########
#.#..# #.#..#
#.#... #.##.## #.
..#


You could see Edmund and 2 hounds.

Vanquished Creatures
  2 phantoms (D:4)
  A hound (D:4)
  2 iguanas
  5 adders
  3 dart slugs
  An orc (D:3)
  9 ball pythons
  4 bats
  10 endoplasms
  9 giant cockroaches
  12 goblins
  5 hobgoblins
  3 quokkas
  6 frilled lizards
  6 kobolds
  3 rats (D:2)
81 creatures vanquished.

Vanquished Creatures (collateral kills)
  An ogre (D:3)
  2 adders
  A ball python (D:4)
  A giant cockroach (D:3)
  A hobgoblin (D:2)
  A frilled lizard (D:3)
7 creatures vanquished.

Vanquished Creatures (others)
  An adder zombie (D:3)
  A bat zombie (D:2)
  3 ball python zombies
  A frilled lizard zombie (D:3)
  A goblin zombie (D:3)
  A quokka zombie (D:3)
  2 spectral endoplasms (D:3)
  12 fungi (D:4)
22 creatures vanquished.

Grand Total: 110 creatures vanquished

Notes
Turn   | Place    | Note
-------+----------+-------------------------------------------
     0 | D:1      | ImHallYall the Human Necromancer began the quest for the
                  | Orb.
     0 | D:1      | Reached XP level 1. HP: 13/13 MP: 3/3
   155 | D:1      | Reached XP level 2. HP: 4/19 MP: 3/5
   877 | D:1      | Found a faded altar of an unknown god.
   882 | D:1      | Reached XP level 3. HP: 24/24 MP: 6/6
  1428 | D:2      | Found a basalt altar of Yredelemnul.
  1436 | D:2      | Became a worshipper of Yredelemnul the Dark
  1458 | D:2      | Reached XP level 4. HP: 23/30 MP: 5/7
  1684 | D:2      | Reached skill level 1 in Axes
  2036 | D:2      | Reached * piety under Yredelemnul
  2052 | D:2      | Upgraded the game from 0.29-a0-330-g52719c12eb to
                  | 0.29-a0-334-gb41bcbb86e
  2599 | D:3      | Reached XP level 5. HP: 12/36 MP: 8/8
  3145 | D:3      | Noticed an ogre
  3172 | D:3      | Killed an ogre
  3173 | D:3      | Reached skill level 1 in Fighting
  3173 | D:3      | Reached skill level 1 in Armour
  3173 | D:3      | Reached XP level 6. HP: 43/43 MP: 10/10
  4061 | D:4      | Reached skill level 5 in Necromancy
  4075 | D:4      | Reached skill level 1 in Long Blades
  4075 | D:4      | Reached XP level 7. HP: 10/48 MP: 11/11
  4918 | D:4      | Found a staircase to the Ecumenical Temple.
  4939 | Temple   | Entered the Ecumenical Temple
  5192 | D:4      | Found a glowing golden altar of the Shining One.
  5257 | D:4      | Found a blossoming altar of Fedhas.
  5749 | D:4      | Learned a level 3 spell: Vampiric Draining
  5895 | D:5      | Entered Level 5 of the Dungeon
  5917 | D:5      | Noticed Edmund
  5933 | D:5      | HP: 2/49 [Edmund/+2 flail of protection (4)]
  5933 | D:5      | Slain by a hound

Illustrated notes

Levels and vault maps discovered:
D:1:      ncdulo_lavacross, layout_loops_ring,
          hellmonk_ecumenical_altar_zigzags, minmay_quantized
D:2:      layout_basic, basic_altar
D:3:      layout_rooms
D:4:      layout_rooms, kennysheep_mini_moat, mainiacjoe_overflow_chevrons,
          bh_walls_and_bars
D:5:      layout_basic, nicolae_overflow_crystal_walls,
          mainiacjoe_overflow_large_starburst, gammafunk_ghost_mausoleum,
          uniq_edmund, uniq_eustachio
Temple:   corrupted_temple

Skill      XL: |  1  2  3  4  5  6  7 |
---------------+----------------------+-----
Axes           | 1 2 3 |  3.0
Fighting       | 1 |  1.8
Armour         | 1 |  1.0
Spellcasting   | 3 |  3.2
Necromancy     | 5 |  5.1
Long Blades    | 1 2 |  2.1
Dodging        | 3 |  3.0
Stealth        | |  2.8

Action                   |  1- 3 |  4- 6 |  7- 9 || total
-------------------------+-------+-------+-------++-------
Melee: Unarmed           |     5 |       |       ||     5
       Hand axe          |    65 |    71 |       ||   136
       Punch             |       |     1 |     1 ||     2
       Long sword        |       |    45 |    40 ||    85
 Cast: Pain              |    29 |    16 |     4 ||    49
       Vampiric Draining |       |       |     2 ||     2
  Use: Potion            |     1 |       |       ||     1
       Scroll            |     2 |     2 |       ||     4
 Stab: Sleeping          |       |     3 |     2 ||     5
       Distracted        |       |     1 |       ||     1
Armor: Ring mail         |    33 |     9 |       ||    42
       Robe              |       |    15 |    10 ||    25
       Plate armour      |       |     7 |       ||     7
Dodge: Dodged            |    44 |    92 |    37 ||   173

Table legend: (Time is in decaauts)
 A = Elapsed time spent in this place.
 B = Non-inter-level travel time spent in this place.
 C = Inter-level travel time spent in this place.
 D = Time resting spent in this place.
 E = Time spent auto-exploring this place.
 F = Levels seen in this place.
 G = Mean time per level.
                   A        B        C        D        E       F      G
               +--------+--------+--------+--------+--------+-----+--------+
         Total |   5996 |   5988 |      8 |   2991 |   1542 |   6 |  999.3 |
       Dungeon |   5827 |   5819 |      8 |   2891 |   1520 |   5 | 1165.4 |
        Temple |    168 |    168 |      0 |    100 |     22 |   1 |  168.0 |
               +--------+--------+--------+--------+--------+-----+--------+

Top non-repeatable levels by time:
     D:4: 1695 daAuts
     D:2: 1497 daAuts
     D:3: 1486 daAuts
     D:1: 1108 daAuts
  Temple: 168 daAuts
     D:5: 40 daAuts
